 Dungeon Crawl Stone Soup version 0.27-a0-1529-g1e82c303ef (webtiles) character file.

Game seed: 18115979492355413805

93634 Feb132020 the Destroyer (level 16, -18/102 HPs)
             Began as a Gargoyle Fire Elementalist on July 12, 2021.
             Was a High Priest of Ashenzari.
             Killed from afar by a merfolk aquamancer (45 damage)
             ... with a ball of steam
             ... on level 2 of the Shoals.
             The game lasted 02:35:17 (28886 turns).

Feb132020 the Destroyer (GrFE)                     Turns: 28886, Time: 02:35:18

Health: -18/102    AC: 44    Str: 20    XL:     16   Next: 9%
Magic:  35/35      EV: 13    Int: 18    God:    Ashenzari [*****.]
Gold:   1322       SH:  6    Dex:  9    Spells: 11/46 levels left

rFire    . . .     SeeInvis +   s - +3 flail of the Cryptic Malaise {protect, Elem, Bglg} (curse)
rCold    . . .     Faith    .   q - +0 buckler
rNeg     + + .     Spirit   .   R - +4 leather armour "Ensconced Together" {Harm Will+, Bglg, Cun} (curse)
rPois    ∞         Reflect  .   W - +1 hat {Will+}
rElec    +         Harm     +   x - +2 cloak "Esoteric Mysticism" {Fort, Self} (curse)
rCorr    .         Rampage  .   z - +2 pair of gloves "Enlightened Anxiety" {Bglg, Fort} (curse)
Will     +++..     Clarity  +   e - +2 pair of boots "All-seeing Soothsayer" {rPois Str+5 Dex-3, Melee, Elem} (curse)
Stlth    ++++......             G - amulet of Supernal Gnosis {Regen+, Bglg, Elem} (curse)
HPRegen  1.27/turn              C - ring of the Bound Seer {rN+, Bglg, Cun} (curse)
MPRegen  0.24/turn              E - ring of Supernal Understanding {AC+4, Fort, Self} (curse)

@: under a protective aura, flying
A: sickness immunity, AC +12, big wings, negative energy resistance 1,
electricity resistance, torment resistance 1, petrification resistance
a: Renounce Religion, Curse Item, Shatter the Chains


You were on level 2 of the Shoals.
You worshipped Ashenzari.
Ashenzari was extremely pleased with you.
You visited 5 branches of the dungeon, and saw 21 of its levels.
You also visited: Sewer.

You collected 2279 gold pieces.
You spent 957 gold pieces at shops.

Inventory:

Hand Weapons
 b - a +0 club
 d - the +8 demon blade "Tageith" {flame, rElec Str+2}
   (You acquired it on level 3 of the Dungeon)

   It has been specially enchanted to burn those struck by it, causing extra
   injury to most foes and up to half again as much damage against particularly
   susceptible opponents.
   Big, fiery blades are also staple armaments of hydra-hunters.
   Str:       It affects your strength (+2).
   rElec:     It insulates you from electricity.
 l - a +0 flail
 r - a +0 dire flail of protection
 s - the cursed +3 flail of the Cryptic Malaise (weapon) {protect, Elem, Bglg}
   (You found it on level 5 of the Dungeon)

   It grants its wielder temporary protection when it strikes (+7 to AC).
   It has a curse which improves the following skills: Elements: Fire Magic, Ice
   Magic, Air Magic and Earth Magic.
   Beguiling: Conjurations, Hexes and Translocations.
Missiles
 K - 13 atropa-tipped darts
 Q - 4 curare-tipped darts
 V - 4 throwing nets
Armour
 a - a +0 robe
 e - the cursed +2 pair of boots "All-seeing Soothsayer" (worn) {rPois Str+5 Dex-3, Melee, Elem}
   (You found it on level 4 of the Dungeon)

   Str:       It affects your strength (+5).
   Dex:       It affects your dexterity (-3).
   rPois:     It protects you from poison.
   It has a curse which improves the following skills: Melee Combat: Short
   Blades, Long Blades, Axes, Maces & Flails, Polearms, Staves and Unarmed
   Combat.
   Elements:  Fire Magic, Ice Magic, Air Magic and Earth Magic.
 i - a +0 pair of boots
 q - a +0 buckler (worn)
 x - the cursed +2 cloak "Esoteric Mysticism" (worn) {Fort, Self}
   (You found it on level 6 of the Dungeon)

   It has a curse which improves the following skills: Fortitude: Armour and
   Shields.
   Introspection: Fighting and Spellcasting.
 z - the cursed +2 pair of gloves "Enlightened Anxiety" (worn) {Bglg, Fort}
   (You found it on level 7 of the Dungeon)

   It has a curse which improves the following skills: Beguiling: Conjurations,
   Hexes and Translocations.
   Fortitude: Armour and Shields.
 A - a +0 leather armour
 R - the cursed +4 leather armour "Ensconced Together" (worn) {Harm Will+, Bglg, Cun}
   (You found it on level 1 of the Shoals)

   Harm:      It increases damage dealt and taken.
   Will:      It increases your willpower.
   It has a curse which improves the following skills: Beguiling: Conjurations,
   Hexes and Translocations.
   Cunning:   Dodging and Stealth.
 W - a +1 hat of willpower (worn)
 Y - the +3 kite shield of Pokyott {rC+ Dex+4}
   (You found it on level 3 of the Shoals)

   Dex:       It affects your dexterity (+4).
   rC:        It protects you from cold.
Jewellery
 C - the cursed ring of the Bound Seer (left hand) {rN+, Bglg, Cun}
   (You took it off a wight on level 8 of the Dungeon)

   [ring of positive energy]

   rN:        It protects you from negative energy.
   It has a curse which improves the following skills: Beguiling: Conjurations,
   Hexes and Translocations.
   Cunning:   Dodging and Stealth.
 E - the cursed ring of Supernal Understanding (right hand) {AC+4, Fort, Self}
   (You took it off an orc on level 9 of the Dungeon)

   [ring of protection]

   AC:        It affects your AC (+4).
   It has a curse which improves the following skills: Fortitude: Armour and
   Shields.
   Introspection: Fighting and Spellcasting.
 F - a ring of willpower
 G - the cursed amulet of Supernal Gnosis (around neck) {Regen+, Bglg, Elem}
   (You found it on level 4 of the Lair of Beasts)

   [amulet of regeneration]

   Regen:     It increases your rate of health regeneration.
   It has a curse which improves the following skills: Beguiling: Conjurations,
   Hexes and Translocations.
   Elements:  Fire Magic, Ice Magic, Air Magic and Earth Magic.
 O - a ring of positive energy
 X - a +4 ring of protection
Wands
 u - a wand of paralysis (10)
 I - a wand of flame (37)
 N - a wand of polymorph (7)
 S - a wand of mindburst (17)
 T - a wand of iceblast (18)
Scrolls
 f - 2 scrolls of magic mapping
 k - a scroll of blinking
 n - 6 scrolls of amnesia
 p - a scroll of immolation
 t - 2 scrolls of enchant weapon
 w - 2 scrolls of fear
 y - 5 scrolls of teleportation
 L - 3 scrolls of fog
 M - a scroll of brand weapon
 P - a scroll of silence
Potions
 c - 14 potions of curing
 g - 3 potions of brilliance
 h - 6 potions of flight
 j - 5 potions of lignification
 m - 3 potions of heal wounds
 o - 5 potions of haste
 v - a potion of magic
 B - 2 potions of cancellation
 D - a potion of might
 H - 2 potions of resistance
 U - a potion of invisibility
Miscellaneous
 J - a tin of tremorstones (2/2)


   Skills:
 + Level 8.4(12.3) Fighting
 + Level 3.0(5.3) Long Blades
 + Level 10.9(13.3) Maces & Flails
 + Level 11.5(16.4) Armour
 - Level 3.6(7.2) Dodging
 + Level 5.7(9.7) Stealth
 + Level 5.8(11.0) Shields
 + Level 11.9(15.5) Spellcasting
 + Level 12.4(19.2) Conjurations
 + Level 12.2(17.0) Fire Magic
 + Level 4.7(9.7) Earth Magic


You had 11 spell levels left.
You knew the following spells:

 Your Spells              Type           Power      Damage    Failure   Level
a - Foxfire               Conj/Fire      100%       2x1d9     0%          1
b - Conjure Flame         Conj/Fire      68%        6-21      0%          3
c - Fulminant Prism       Conj/Hex       25%        3d14      1%          4
d - Inner Flame           Hex/Fire       46%        N/A       1%          3
e - Fireball              Conj/Fire      34%        3d14      1%          5
f - Stone Arrow           Conj/Erth      100%       3d13      1%          3
i - Iskenderun's Battles  Conj           70%        2d12      1%          5
l - Lee's Rapid Deconstr  Erth           24%        3d14*     2%          5
p - Passwall              Tmut/Erth      25%        N/A       1%          2
s - Sticky Flame          Conj/Fire      68%        2d8       1%          4

Your spell library contained the following spells:

 Spells                   Type           Power      Damage    Failure   Level
 Magic Dart               Conj           100%       1d8       0%          1
 Searing Ray              Conj           100%       3d7       0%          2
 Sandblast                Erth           98%        2d20      1%          1
 Beastly Appendage        Tmut           28%        N/A       4%          1
 Ensorcelled Hibernation  Hex/Ice        34%        N/A       4%          2
 Slow                     Hex            18%        N/A       4%          2
 Wereblood                Tmut           14%        N/A       8%          2
 Confusing Touch          Hex            18%        N/A       10%         3
 Tukima's Dance           Hex            18%        N/A       10%         3
 Spider Form              Tmut/Pois      7%         N/A       16%         3
 Passage of Golubria      Tloc           N/A        N/A       30%         4
 Yara's Violent Unravell  Hex/Tmut       8%         3d5       73%         5
 Fire Storm               Conj/Fire      34%        8d9       96%         9
 Shadow Creatures         Summ           N/A        N/A       100%        6
 Summon Hydra             Summ           7%         N/A       100%        7
 Sublimation of Blood     Necr           Unusable   N/A       N/A         2

Dungeon Overview and Level Annotations

Branches:
Dungeon (9/15)             Temple (1/1) D:4            Lair (6/6) D:9
 Shoals (3/4) Lair:4       Spider (0/4) Lair:3        Slime (0/5) Lair:6
    Orc (2/2) D:9             Elf (0/3) Orc:2         Sewer (visited)

Altars:
Ashenzari
Cheibriados
Dithmenos
Elyvilon
Fedhas
Gozag
Hepliaklqana
Kikubaaqudgha
Makhleb
Nemelex Xobeh
Okawaru
Qazlal
Ru
Sif Muna
Trog
Uskayaw
Vehumet
Wu Jian
Xom
Yredelemnul
Zin
The Shining One
Beogh
Jiyva

Shops:
D:5 ?:**   D:6 (   Orc:2 :(!(

Portals:
Abyss: D:6

Annotations:
D:6 2 transporters, UristMcRaven's ghost, novice OpCj
Lair:4 exclusion: 4 oklob plants
Shoals:2 Frances


Innate Abilities, Weirdness & Mutations

You are immune to sickness and miasma.
Your stone body is resilient. (AC +12)
You are immune to poison.
Your large and strong wings let you fly.
You resist negative energy. (rN+)
You are resistant to electric shocks. (rElec)
You are resistant to unholy torment.
You are immune to petrification.


Message History

You struggle against the net.
The merfolk impaler hits you with a +0 trident!
The merfolk impaler hits you with a +0 trident.
You struggle against the net.
The merfolk impaler hits you but does no damage.
The merfolk impaler hits you with a +0 trident!
You rip the net and break free!
The merfolk hits you but does no damage.
The merfolk impaler hits you with a +0 trident!
The water elemental hits you. The merfolk impaler misses you.
The merfolk aquamancer gestures at you while chanting.
The torrent of water misses you.
The wave splashes down.
The merfolk hits you from afar with a +0 trident.
* * * LOW HITPOINT WARNING * * *
The merfolk impaler closely misses you.
You hear a shout! x2; You hear a screech! x4
You feel much better. The merfolk impaler misses you.
The merfolk hits you but does no damage.
The water elemental closely misses you. You block the merfolk impaler's attack.
A sea snake comes into view.
There is a stone staircase leading up here.
The merfolk hits you but does no damage.
You fly upwards.
Level annotation: Frances
There is a stone staircase leading down here.
You completely miss the merfolk aquamancer.
The merfolk aquamancer points at you and mumbles some strange words.
The shard of ice hits you!!
* * * LOW HITPOINT WARNING * * *
Unknown command.
You sock the merfolk aquamancer!
Your weapon exudes an aura of protection.
The merfolk aquamancer is moderately wounded.
The merfolk aquamancer hits you but does no damage.
You hit the merfolk aquamancer.
The merfolk aquamancer is moderately wounded.
The merfolk aquamancer gestures at you while chanting.
The ball of steam hits you!!!
You die...

≈≈≈≈≈≈≈≈≈≈≈≈≈≈≈≈≈..######.≈....≈≈
≈≈≈≈≈≈≈≈≈≈≈≈≈≈≈≈≈≈≈..###..≈...≈≈≈
≈≈≈≈≈≈≈≈≈≈≈≈≈≈≈≈≈≈≈≈≈....≈≈.≈≈≈≈.
≈≈≈≈≈≈≈≈≈≈≈≈≈≈≈≈≈≈≈≈≈≈≈≈≈≈≈≈≈≈≈..
≈≈≈≈≈≈≈≈≈≈≈≈≈≈≈≈≈≈≈≈≈≈≈≈≈≈≈≈≈≈≈≈.
≈≈≈≈≈≈≈≈≈≈≈≈≈≈≈≈≈≈≈≈≈≈≈≈≈≈≈≈≈≈≈≈.
≈≈≈≈≈≈≈≈≈≈≈≈≈≈≈≈≈≈≈≈≈≈≈≈≈≈≈≈≈≈≈≈.
≈≈≈≈≈≈≈≈≈≈≈≈≈≈≈≈≈.....≈≈≈≈≈≈≈≈≈≈.
≈≈≈≈≈≈≈≈≈≈≈≈≈≈≈≈@m###..≈≈≈≈≈≈≈≈..
≈≈≈≈≈≈≈≈≈≈≈≈≈≈≈≈≈.###..≈≈≈≈≈≈≈...
≈≈≈≈≈≈≈≈≈≈≈≈≈≈≈≈≈.###....≈≈≈≈..##
≈≈≈≈≈≈≈≈≈≈≈≈≈≈≈≈≈..##..###.≈≈..##
≈≈≈≈≈≈≈≈≈≈≈≈≈≈≈≈≈≈.....##.(≈≈..##
≈≈≈≈≈≈≈≈≈≈≈≈≈≈≈≈≈≈≈≈≈≈.....≈.....
≈≈≈≈≈≈≈≈≈≈≈≈≈≈≈≈≈≈≈≈≈...≈.≈≈≈.≈..
≈≈≈≈≈≈≈≈≈≈≈≈≈≈≈≈≈≈≈≈.###≈≈≈≈≈≈≈..
≈≈≈≈≈≈≈≈≈≈≈≈≈≈≈≈≈≈≈≈.##..≈≈≈≈≈≈≈≈


You could see a merfolk aquamancer.

Vanquished Creatures
  A kraken (Shoals:2)
  Gastronok (Lair:2)
  Ilsuiw (Shoals:2)
  A frost giant (Shoals:1)
  Aizul (Shoals:2)
  An orc warlord (Orc:2)
  2 merfolk javelineers (Shoals:1)
  Josephine (Orc:1)
  A boulder beetle (Lair:6)
  4 hydras
  2 catoblepae
  Erica (D:8)
  4 ogre magi (Orc:2)
  A satyr (Shoals:3)
  A merfolk avatar (Shoals:1)
  2 two-headed ogres
  9 death yaks
  An orc high priest (Orc:2)
  Urug (Lair:2)
  3 sea snakes
  11 harpies
  2 orc knights
  7 orc sorcerers (Orc:2)
  2 fauns (Shoals:2)
  3 manticores
  9 cyclopes
  8 elephants
  5 black mambas
  2 water nymphs
  9 merfolk sirens
  A torpor snail (Lair:4)
  10 cane toads
  8 rime drakes
  4 komodo dragons
  5 trolls
  4 polar bears
  12 merfolk
  5 wind drakes
  6 hornets
  5 dream sheep
  9 blink frogs
  4 snapping turtles
  Sigmund (D:4)
  60 yaks
  2 wyverns
  A water elemental (Shoals:2)
  4 wraiths (Orc:1)
  11 spriggans (Lair:6)
  3 basilisks
  Grum (D:8)
  2 vampire mosquitoes (D:9)
  Edmund (D:4)
  7 wargs
  17 water moccasins
  Purgy (Sewer)
  6 black bears
  A sky beast (D:8)
  An ice beast (D:6)
  17 orc warriors
  3 necrophages (D:6)
  10 ogres
  39 wolves
  3 boggarts (Lair:6)
  10 centaurs
  A kobold brigand (D:9)
  13 bullfrogs
  2 scorpions (D:5)
  A water moccasin zombie (D:7)
  A wyvern skeleton (D:6)
  A water moccasin skeleton (D:7)
  3 wights (D:8)
  An electric eel (Lair:1)
  A howler monkey (D:5)
  8 hounds
  20 orc priests
  8 jellies
  A gnoll shaman (D:9)
  A centaur skeleton (D:7)
  3 iguanas
  A bullfrog skeleton (D:7)
  39 orc wizards
  5 hell rats
  A killer bee zombie (D:3)
  2 hound skeletons (D:4)
  11 gnolls
  9 adders
  A white imp (D:8)
  An adder skeleton (D:4)
  2 worms
  70 orcs
  6 endoplasms
  3 giant cockroaches
  6 goblins
  4 hobgoblins
  8 jackals (D:1)
  19 kobolds
  5 quokkas
  6 ball pythons
  14 bats
  12 frilled lizards
  12 rats
  2 tentacles (Shoals:2)
675 creatures vanquished.

Vanquished Creatures (collateral kills)
  A lindwurm (Lair:4)
  49 foxfires
50 creatures vanquished.

Vanquished Creatures (others)
  A komodo dragon (Lair:6)
  2309 foxfires
  63 fungi
  132 plants
  10 tentacles (Shoals:2)
2515 creatures vanquished.

Grand Total: 3240 creatures vanquished

Notes
Turn   | Place    | Note
-------+----------+-------------------------------------------
     0 | D:1      | Feb132020 the Gargoyle Fire Elementalist began the quest
                  | for the Orb.
     0 | D:1      | Reached XP level 1. HP: 10/10 MP: 3/3
   273 | D:1      | Reached XP level 2. HP: 15/15 MP: 1/5
   806 | D:1      | Reached XP level 3. HP: 19/19 MP: 3/6
  2175 | D:2      | Reached XP level 4. HP: 22/24 MP: 3/8
  2782 | D:2      | Reached skill level 1 in Maces & Flails
  2859 | D:2      | Found an ornate altar of the Wu Jian Council.
  2892 | D:2      | Reached XP level 5. HP: 28/28 MP: 1/9
  2896 | D:2      | Learned a level 3 spell: Conjure Flame
  3365 | D:3      | Identified a scroll of acquirement
  3365 | D:3      | Acquired the +8 demon blade "Tageith" {flame, rElec Str+2}
  3427 | D:3      | Found a faded altar of an unknown god.
  3543 | D:3      | Found a glowing drain.
  3567 | Sewer    | Entered a sewer
  3619 | Sewer    | Noticed Purgy
  3627 | Sewer    | Killed Purgy
  3628 | Sewer    | Reached skill level 1 in Long Blades
  3628 | Sewer    | Reached XP level 6. HP: 32/33 MP: 1/11
  3904 | D:3      | Reached skill level 1 in Fighting
  4438 | D:4      | Found a staircase to the Ecumenical Temple.
  4453 | Temple   | Entered the Ecumenical Temple
  4458 | Temple   | Became a worshipper of Ashenzari the Shackled
  4472 | D:4      | Noticed a +0 short sword
  4473 | D:4      | Noticed a +0 falchion
  4473 | D:4      | Noticed a +0 spear
  4473 | D:4      | Noticed a +0 falchion
  4476 | D:4      | Noticed a +0 dagger
  4476 | D:4      | Noticed a +0 dagger
  4476 | D:4      | Noticed a +0 short sword
  4477 | D:4      | Noticed a +0 spear
  4482 | D:4      | Identified the +2 pair of boots of the Land of Plenty
                  | {rPois Str+5 Dex-3}
  4490 | D:4      | Found a hide-covered altar of Uskayaw.
  4547 | D:4      | Reached XP level 7. HP: 38/38 MP: 6/12
  4664 | D:4      | Found a sparkling altar of Nemelex Xobeh.
  4714 | D:4      | Noticed Sigmund
  4722 | D:4      | Killed Sigmund
  4775 | D:4      | Noticed Edmund
  4784 | D:4      | Killed Edmund
  4910 | D:5      | Entered Level 5 of the Dungeon
  4959 | D:5      | Found Xohour's General Store.
  5032 | D:5      | Found Huefit Qozi's General Store.
  5067 | D:5      | Bought a scroll of enchant armour for 97 gold pieces
  5248 | D:5      | Reached XP level 8. HP: 44/44 MP: 14/14
  5535 | D:5      | Found Neill's Book Shop.
  5603 | D:5      | Reached skill level 5 in Fire Magic
  6027 | D:5      | Found Gufon's Magic Scroll Boutique.
  6578 | D:6      | Reached XP level 9. HP: 51/51 MP: 10/15
  6862 | D:6      | Found a transporter.
  6867 | D:6      | Reached skill level 5 in Spellcasting
  6937 | D:6      | Found a basalt altar of Yredelemnul.
  6952 | D:6      | Found Pisireg's Weapon Shop.
  7060 | D:6      | Found a one-way gate to the infinite horrors of the Abyss.
  7060 | D:6      | Noticed UristMcRaven's ghost (novice OpCj)
  7061 | D:6      | Found a transporter.
  7074 | D:6      | Noticed an ancient zyme
  7684 | D:7      | Found a hazy altar of Hepliaklqana.
  7684 | D:7      | Found a blossoming altar of Fedhas.
  7686 | D:7      | Found an ornate altar of the Wu Jian Council.
  8091 | D:7      | Learned a level 4 spell: Sticky Flame
  8674 | D:7      | Noticed a hornet
  8696 | D:7      | Killed a hornet
  8697 | D:7      | Reached skill level 1 in Armour
  8697 | D:7      | Reached skill level 5 in Conjurations
  8886 | D:8      | Noticed Grum
  9141 | D:8      | Killed Grum
  9142 | D:8      | Reached skill level 5 in Stealth
  9142 | D:8      | Reached XP level 10. HP: 14/56 MP: 13/20
  9435 | D:8      | Noticed Erica
  9758 | D:8      | Killed Erica
  9992 | D:8      | Found a viscous altar of Jiyva.
 10056 | D:8      | Reached * piety under Ashenzari
 10261 | D:8      | Reached skill level 5 in Armour
 10373 | D:8      | Found a bloodstained altar of Trog.
 10374 | D:8      | Identified Bitialok's Catalogue of Retrieval
 10559 | D:9      | Found a staircase to the Orcish Mines.
 10998 | D:9      | Found a staircase to the Lair.
 11102 | D:9      | Noticed a two-headed ogre
 11110 | D:9      | Killed a two-headed ogre
 11111 | D:9      | Reached skill level 5 in Maces & Flails
 11111 | D:9      | Reached XP level 11. HP: 43/63 MP: 14/24
 11562 | D:9      | Reached skill level 1 in Shields
 12039 | Lair:1   | Entered Level 1 of the Lair of Beasts
 12562 | Lair:1   | Reached ** piety under Ashenzari
 12839 | Lair:1   | Reached skill level 5 in Fighting
 13254 | Lair:2   | Noticed a five-headed hydra
 13270 | Lair:2   | Killed a five-headed hydra
 13325 | Lair:1   | Reached XP level 12. HP: 41/72 MP: 13/26
 13562 | Lair:2   | Learned a level 3 spell: Inner Flame
 13568 | Lair:2   | Learned a level 5 spell: Fireball
 13629 | Lair:2   | Noticed Gastronok
 13630 | Lair:2   | Noticed Urug
 14160 | Lair:3   | Noticed a seven-headed hydra
 14164 | Lair:3   | Found a snail-covered altar of Cheibriados.
 14199 | Lair:3   | Killed a seven-headed hydra
 14552 | Lair:3   | Found a hole to the Spider Nest.
 14555 | Lair:3   | Identified Nyhonef's Disquisition on the Dusty Arsonist
 15048 | Lair:3   | Reached *** piety under Ashenzari
 15248 | Lair:4   | Noticed a catoblepas
 15265 | Lair:4   | Killed a catoblepas
 15851 | Lair:4   | Noticed a five-headed hydra
 15863 | Lair:4   | Killed a five-headed hydra
 15944 | Lair:4   | Found a staircase to the Shoals.
 16619 | Lair:4   | Reached XP level 13. HP: 43/80 MP: 14/29
 17147 | Lair:4   | Found the +0 staff of Battle
 17636 | Lair:4   | Reached skill level 10 in Fire Magic
 18202 | Lair:5   | Reached skill level 10 in Conjurations
 18499 | Lair:5   | Reached **** piety under Ashenzari
 18950 | Lair:6   | Entered Level 6 of the Lair of Beasts
 19369 | Lair:6   | Reached skill level 10 in Armour
 19391 | Lair:6   | Found a staircase to the Slime Pits.
 19749 | Lair:6   | Reached skill level 10 in Spellcasting
 19749 | Lair:6   | Gained mutation: Your large and strong wings let you fly.
                  | [Gargoyle growth]
 19749 | Lair:6   | Reached XP level 14. HP: 67/88 MP: 1/31
 21426 | Shoals:1 | Entered Level 1 of the Shoals
 21806 | Shoals:1 | Reached skill level 10 in Maces & Flails
 21959 | Shoals:1 | Identified the +4 leather armour of Impatience {Harm Will+}
 22469 | Shoals:1 | Noticed a frost giant
 22491 | Shoals:1 | Killed a frost giant
 22492 | Shoals:1 | Reached skill level 5 in Shields
 23011 | Shoals:2 | Reached XP level 15. HP: 95/95 MP: 26/33
 23181 | Shoals:2 | Learned a level 3 spell: Stone Arrow
 23222 | Shoals:2 | Reached skill level 1 in Earth Magic
 23267 | Shoals:2 | Noticed Aizul
 23293 | Shoals:2 | Noticed Frances
 23294 | Shoals:2 | Killed Aizul
 23428 | Shoals:2 | Learned a level 2 spell: Passwall
 23600 | Shoals:2 | Noticed Ilsuiw
 24104 | Shoals:2 | Noticed a kraken
 24153 | Shoals:2 | Killed a kraken
 24386 | Shoals:2 | Killed Ilsuiw
 24712 | Lair:2   | Killed Gastronok
 25145 | Lair:2   | Killed Urug
 25351 | Orc:1    | Entered Level 1 of the Orcish Mines
 25728 | Orc:1    | Noticed Josephine
 25730 | Orc:1    | Killed Josephine
 26205 | Orc:2    | Entered Level 2 of the Orcish Mines
 26526 | Orc:2    | Found a staircase to the Elven Halls.
 26723 | Orc:2    | Reached ***** piety under Ashenzari
 26735 | Orc:2    | Noticed an orc warlord
 26821 | Orc:2    | Killed an orc warlord
 27482 | Orc:2    | Found Zikhidem's Book Emporium.
 27499 | Orc:2    | Bought a book of Conjurations for 280 gold pieces
 27504 | Orc:2    | Learned a level 4 spell: Fulminant Prism
 27545 | Orc:2    | Found Paehorog's Antique Weapon Emporium.
 27661 | Orc:2    | Found an ancient bone altar of Kikubaaqudgha.
 27791 | Orc:2    | Found a radiant altar of Vehumet.
 27842 | Orc:2    | Found Ehaolah's Distillery.
 27842 | Orc:2    | Found Paes's Antique Weapon Shoppe.
 28184 | D:5      | Bought a book of Geomancy for 220 gold pieces
 28184 | D:5      | Bought Hiaxuorgh's Catalogue of Conjuration for 360 gold
                  | pieces
 28190 | D:5      | Learned a level 5 spell: Iskenderun's Battlesphere
 28196 | D:5      | Learned a level 5 spell: Lee's Rapid Deconstruction
 28426 | Shoals:3 | Reached XP level 16. HP: 75/101 MP: 21/35
 28626 | Shoals:3 | Identified the +3 kite shield of Pokyott {rC+ Dex+4}
 28743 | Shoals:3 | Noticed a kraken
 28886 | Shoals:2 | Killed from afar by a merfolk aquamancer

Illustrated notes

Levels and vault maps discovered:
D:1:      elethiomel_arrival_diamonds, layout_loops_corners, serial_forest,
          infiniplex_forest_clump_diagonal, infiniplex_forest_clump_large,
          infiniplex_forest_lined_2, infiniplex_forest_clump_curved,
          infiniplex_forest_zigzag_2, infiniplex_forest_clump_long,
          infiniplex_forest_join, minmay_close_crescents
D:2:      minmay_inner_zag, layout_basic, basic_altar
D:3:      layout_basic, portal_sewer_entry_a, hellmonk_ecumenical_altar_run_dry
D:4:      layout_rooms, nicolae_uskayaw_en_pointe,
          mainiacjoe_overflow_tiny_flanked, minmay_temple_entry_junction,
          sigmund_edmund_badplayer
D:5:      layout_loops_ring, serial_shops, nicolae_diamond_shop,
          nicolae_shop_competitors_out_of_business, shop, nicolae_shop_crystal,
          cheibrodos_gnoll_hut
D:6:      minmay_spotlight, layout_basic, kennysheep_little_box,
          gammafunk_ghost_abyssal_escape, serial_shops, shop,
          minmay_diced_spiral
D:7:      layout_layer_cave, minitemple
D:8:      layout_cave_pools, trog_book, jiyva_altar_1, uniq_grum, uniq_erica
D:9:      layout_cave_pools, erik_lair_orcish_takeover,
          minmay_orc_entry_temple_small
Temple:   minmay_freezing_vapour_temple
Lair:1:   layout_roguey, serial_bayou_shore_a
Lair:2:   layout_chaotic_city, infiniplex_staircase_pool, uniq_gastronok,
          uniq_urug
Lair:3:   layout_roguey, spider_nest_entry_web_field, basic_altar
Lair:4:   layout_cave_pods, minmay_shoals_entry_centaurs,
          minmay_lair_oklob_chamber, lemuel_fruit_tree
Lair:5:   layout_regular_city, minmay_lair_drake_nest, serial_bayou_shore_b
Lair:6:   minmay_lair_end_enchanted_forest, layout_long_grid,
          nicolae_slime_entry_slimehenge, st_stairs_11, grunt_megastairs_2
Shoals:1: layout_shoals, st_shoals_ruin
Shoals:2: layout_shoals, uniq_ilsuiw, uniq_aizul, uniq_frances
Shoals:3: layout_shoals, nicolae_shoals_mertower
Orc:1:    layout_caves, uniq_josephine
Orc:2:    kennysheep_orc_mage_school, layout_diamond_mine

Skill      XL: |  1  2  3  4  5  6  7  8  9 10 11 12 13 14 15 |
---------------+----------------------------------------------+-----
Maces & Flails | 1 3 4 5 6 8 9 10 | 10.9
Dodging        | 2 3 |  3.6
Fire Magic     | 4 5 6 7 8 9 10 11 12 | 12.2
Stealth        | 3 4 5 |  5.7
Spellcasting   | 3 4 6 7 8 9 10 11 | 11.9
Conjurations   | 2 3 4 5 7 9 10 11 12 | 12.4
Long Blades    | 1 2 3 |  3.0
Fighting       | 1 2 3 4 5 6 7 8 |  8.4
Armour         | 2 5 7 8 10 11 | 11.5
Shields        | 1 3 5 |  5.8
Earth Magic    | 4 |  4.7

Action                   |  1- 3 |  4- 6 |  7- 9 | 10-12 | 13-15 | 16-18 || total
-------------------------+-------+-------+-------+-------+-------+-------++-------
Melee: Club              |    61 |     6 |       |       |       |       ||    67
       Demon blade       |       |    42 |     8 |       |       |       ||    50
       Flail             |       |     6 |   139 |   365 |   962 |    50 ||  1522
 Cast: Foxfire           |    78 |    77 |   163 |   281 |   698 |    42 ||  1339
       Sticky Flame      |       |       |     2 |    77 |    92 |     1 ||   172
       Fireball          |       |       |       |     6 |    63 |       ||    69
       Conjure Flame     |       |       |       |     1 |       |       ||     1
Invok: Curse Item        |       |       |     1 |     4 |     3 |       ||     8
  Use: Scroll            |       |     6 |     1 |     1 |     4 |     1 ||    13
       Potion            |       |       |     2 |       |       |     1 ||     3
 Stab: Sleeping          |     1 |     4 |     3 |     3 |     2 |     1 ||    14
       Petrified         |       |       |       |       |     4 |       ||     4
       Distracted        |       |       |       |       |       |     1 ||     1
Armor: Robe              |    36 |    26 |   100 |       |       |       ||   162
       Leather armour    |       |       |    22 |   349 |   677 |    26 ||  1074
Dodge: Dodged            |    76 |    38 |   167 |   315 |   639 |    17 ||  1252
Block: Buckler           |       |       |     5 |    94 |   285 |    13 ||   397
       Rpst.: Demon blade |       |     7 |     2 |       |       |       ||     9

Table legend: (Time is in decaauts)
 A = Elapsed time spent in this place.
 B = Non-inter-level travel time spent in this place.
 C = Inter-level travel time spent in this place.
 D = Time resting spent in this place.
 E = Time spent auto-exploring this place.
 F = Levels seen in this place.
 G = Mean time per level.
                   A        B        C        D        E       F      G
               +--------+--------+--------+--------+--------+-----+--------+
         Total |  28900 |  27767 |   1133 |   1244 |  20769 |  22 | 1313.6 |
       Dungeon |  12243 |  11792 |    451 |    613 |   9214 |   9 | 1360.3 |
        Temple |     11 |      6 |      5 |      0 |      0 |   1 |   11.0 |
          Lair |   9937 |   9549 |    388 |    357 |   7052 |   6 | 1656.2 |
        Shoals |   3738 |   3516 |    222 |    223 |   2394 |   3 | 1246.0 |
  Orcish Mines |   2642 |   2577 |     65 |     51 |   1837 |   2 | 1321.0 |
         Sewer |    325 |    325 |      0 |      0 |    271 |   1 |  325.0 |
               +--------+--------+--------+--------+--------+-----+--------+

Top non-repeatable levels by time:
  Lair:4: 2451 daAuts
  Lair:6: 2244 daAuts
     D:7: 1845 daAuts
     D:1: 1817 daAuts
   Orc:2: 1693 daAuts
Shoals:2: 1663 daAuts
Shoals:1: 1604 daAuts
     D:8: 1587 daAuts
     D:2: 1563 daAuts
  Lair:5: 1489 daAuts
     D:9: 1475 daAuts
  Lair:1: 1336 daAuts
     D:6: 1246 daAuts
     D:5: 1241 daAuts
  Lair:3: 1239 daAuts
